 Dungeon Crawl Stone Soup version 0.31-a0-277-g31ea1f65cc (webtiles) character file.

Game seed: 6264810979664486935

41 voltaire321 the Chiller (level 3, -1/26 HPs)
             Began as a Demonspawn Ice Elementalist on July 15, 2023.
             Slain by Terence
             ... wielding a +2 mace of protection
              (5 damage)
             ... on level 3 of the Dungeon.
             The game lasted 00:04:51 (979 turns).

voltaire321 the Chiller (DsIE)                       Turns: 979, Time: 00:04:51

Health: -1/26      AC:  3    Str: 10    XL:     3   Next: 32%
Magic:  0/6        EV: 11    Int: 16    God:
Gold:   40         SH:  0    Dex: 13    Spells: 5/6 levels left

rFire   . . .        d - +0 dagger
rCold   . . .        (no shield)
rNeg    . . .        f - +0 leather armour
rPois   +            (no helmet)
rElec   .            (no cloak)
rCorr   .            (no gloves)
SInv    .            (no boots)
Will    .....        (no amulet)
Stlth   ++           c - ring of poison resistance
HPRegen 0.24/turn    (no ring)
MPRegen 0.20/turn

%: guardian spirit
@: no status effects
A: magic shield, magic regeneration
a: no special abilities


You were on level 3 of the Dungeon.
You visited 1 branch of the dungeon, and saw 3 of its levels.

You collected 40 gold pieces.

Inventory:

Hand Weapons
 d - a +0 dagger (weapon)
Armour
 f - a +0 leather armour (worn)
Jewellery
 c - a ring of poison resistance (left hand)
Scrolls
 e - a scroll of immolation {unknown}
 g - a scroll of enchant weapon {unknown}
Potions
 a - a potion of might {unknown}
 b - a potion of magic


   Skills:
 + Level 1.2 Fighting
 + Level 0.9 Armour
 + Level 2.2 Dodging
 - Level 1.7 Stealth
 + Level 2.3 Spellcasting
 + Level 3.8 Ice Magic


You had 5 spell levels left.
You knew the following spells:

 Your Spells              Type           Power      Damage    Failure   Level
a - Freeze                Ice            56%        1d7       5%          1

Your spell library contained the following spells:

 Spells                   Type           Power      Damage    Failure   Level
 Frozen Ramparts          Ice            28%        1d5       17%         3
 Ozocubu's Armour         Ice            14%        N/A       17%         3
 Apportation              Tloc           2%         N/A       26%         1
 Poisonous Vapours        Pois/Air       2%         N/A       38%         2
 Mephitic Cloud           Conj/Pois/Air  1%         N/A       63%         3
 Volatile Blastmotes      Fire/Tloc      2%         2d10      63%         3
 Summon Ice Beast         Ice/Summ       8%         N/A       77%         4
 Passage of Golubria      Tloc           1%         N/A       95%         4


Dungeon Overview and Level Annotations

Branches:
Dungeon (3/15)

Altars:

Shops:
D:1 (

Annotations:
D:2 Sigmund
D:3 Terence


Innate Abilities, Weirdness & Mutations

When hurt, damage is shared between your health and your magic reserves.
You regenerate magic rapidly.


Message History

Terence attacks as you move away!
Terence hits you with a +2 mace of protection.
Terence says, "Rest in peace."
There is a stone staircase leading down here.
Terence hits you with a +2 mace of protection.
You climb downwards.
Reactivating autopickup.
There is a stone staircase leading up here.
Aiming: Freeze (safe; 5% risk of failure)
Press: ? - help, Q - select action Shift-Dir - straight line, f - Terence
Aim: Terence, wielding a +2 mace of protection and wearing a +0 ring mail (lightly wounded)
You freeze Terence.
Terence is moderately wounded.
Terence says, "You're history."
Terence hits you with a +2 mace of protection.
Aiming: Freeze (safe; 5% risk of failure)
Press: ? - help, Q - select action Shift-Dir - straight line, f/p - Terence
Aim: Terence, wielding a +2 mace of protection and wearing a +0 ring mail (moderately wounded)
You freeze Terence!
Terence is severely wounded.
Terence closely misses you.
Aiming: Freeze (safe; 5% risk of failure)
Press: ? - help, Q - select action Shift-Dir - straight line, f/p - Terence
Aim: Terence, wielding a +2 mace of protection and wearing a +0 ring mail (severely wounded)
You freeze Terence.
Terence is almost dead.
Terence shouts, "DIE!!!"
Terence hits you with a +2 mace of protection.
* * * LOW HITPOINT WARNING * * *
You hit Terence but do no damage.
Terence is severely wounded.
Terence looks scornfully at you. Terence closely misses you.
You barely miss Terence.
Terence is severely wounded.
Terence barely misses you.
You barely miss Terence. You punch Terence, but do no damage.
Terence is severely wounded.
Terence hits you with a +2 mace of protection.
You die...

###
..#
#.#
#.#
#@#
#@#
###


You could see Terence.

Vanquished Creatures
  A dart slug (D:1)
  9 ball pythons
  7 endoplasms (D:1)
  A giant cockroach (D:1)
  3 goblins (D:1)
  3 jackals (D:1)
  A kobold (D:1)
  A quokka (D:1)
  3 bats
  3 frilled lizards (D:1)
  2 rats (D:1)
34 creatures vanquished.

Notes
Turn   | Place    | Note
-------+----------+-------------------------------------------
     0 | D:1      | voltaire321 the Demonspawn Ice Elementalist began the quest
                  | for the Orb.
     0 | D:1      | Reached XP level 1. HP: 13/13 MP: 3/3
   144 | D:1      | Gained mutation: You regenerate magic rapidly. [demonic
                  | ancestry]
   144 | D:1      | Reached XP level 2. HP: 4/20 MP: 0/5
   378 | D:1      | Found a faded altar of an unknown god.
   509 | D:1      | Found Fagon's Antique Weapon Boutique.
   576 | D:1      | Reached skill level 1 in Fighting
   576 | D:1      | Gained mutation: When hurt, damage is shared between your
                  | health and your magic reserves. [demonic ancestry]
   576 | D:1      | Reached XP level 3. HP: 26/26 MP: 3/6
   875 | D:2      | Got the Precepts of the Geodesic and Fumes
   951 | D:2      | Noticed Terence
   952 | D:2      | Noticed Sigmund
   979 | D:3      | Slain by Terence

Illustrated notes

Levels and vault maps discovered:
D:1:      eino_arrival_cavern_a, layout_basic,
          shapermc_ecumenical_altar_mp_urbaneastern, serial_shops, shop
D:2:      layout_basic, uniq_sigmund, uniq_natasha, uniq_terence
D:3:      layout_basic, demons_altar, ebering_ghost_sewer_d,
          lexackson_kobold_supper, uniq_grinder

Skill      XL: |  1  2 |
---------------+-------+-----
Dodging        | 2 |  2.2
Fighting       | 1 |  1.2
Armour         | |  0.9
Stealth        | |  1.7
Spellcasting   | |  2.3
Ice Magic      | |  3.8

Action                     || total
---------------------------++-------
  Melee: Dagger            ||    27
         Punch             ||     1
   Cast: Freeze            ||    41
   Stab: Sleeping          ||     7
 Armour: Robe              ||     1
         Leather armour    ||     8
  Dodge: Dodged            ||    24

Table legend: (Time is in decaauts)
 A = Elapsed time spent in this place.
 B = Non-inter-level travel time spent in this place.
 C = Inter-level travel time spent in this place.
 D = Time resting spent in this place.
 E = Time spent auto-exploring this place.
 F = Levels seen in this place.
 G = Mean time per level.
                   A        B        C        D        E       F      G
               +--------+--------+--------+--------+--------+-----+--------+
         Total |    977 |    977 |      0 |    165 |    516 |   3 |  325.7 |
       Dungeon |    977 |    977 |      0 |    165 |    516 |   3 |  325.7 |
               +--------+--------+--------+--------+--------+-----+--------+

Top non-repeatable levels by time:
     D:1: 795 daAuts
     D:2: 176 daAuts
     D:3: 5 daAuts
